 Dungeon Crawl Stone Soup version 0.16.1-16-gc44b35d (webtiles) character file.

9373 Siriah the Nimble (level 11, -8/97 HPs)
             Began as a Deep Dwarf Artificer on Apr 16, 2015.
             Was an Elder of Makhleb.
             Mangled by a white ugly thing (24 damage)
             ... on level 11 of the Dungeon.
             The game lasted 00:49:42 (7909 turns).

Siriah the Nimble (Deep Dwarf Artificer)            Turns: 7909, Time: 00:49:44

Health: -8/97      AC:  7    Str: 16    XL:     11   Next: 22%
Magic:  23/23      EV: 21    Int: 13    God:    Makhleb [****..]
Gold:   532        SH:  0    Dex: 18    Spells: 0 memorised, 10 levels left

rFire  . . .     SeeInvis .     a - +0 battleaxe
rCold  . . .     Clarity  .     M - +0 leather armour of Rotiyjoj {MR+ rCorr}
rNeg   + . .     SustAb   .     (no shield)
rPois  .         Gourm    .     Y - +0 helmet
rElec  .         Spirit   .     (no cloak)
rCorr  +         Warding  .     n - +1 pair of gloves
rMut   .         Stasis   .     (no boots)
MR     ++...                    C - amulet of rage
Stlth  +++.......               r - +3 ring of dexterity (curse)
                                Q - ring of positive energy

@: non-regenerating, very resistant to hostile enchantments, fairly stealthy
A: damage resistance, recharge devices, sense surroundings 2, slow healing 3
a: Device Recharging, Minor Destruction, Lesser Servant of Makhleb, Major
Destruction, Renounce Religion, Evoke Berserk Rage


You were on level 11 of the Dungeon.
You worshipped Makhleb.
Makhleb was greatly pleased with you.
You were hungry.

You visited 2 branches of the dungeon, and saw 12 of its levels.
You also visited: Bailey.

You collected 532 gold pieces.

Inventory:

Hand weapons
 a - a +0 battleaxe (weapon)
 b - a +0 arbalest
 K - a +0 blowgun
Missiles
 i - 4 javelins of returning (quivered)
 j - 11 silver bolts
 q - 54 bolts
 z - 3 curare-tipped needles
 B - 31 poisoned needles
Armour
 n - a +1 pair of gloves (worn)
 M - the +0 leather armour of Rotiyjoj (worn) {MR+ rCorr}
   (You found it on level 7 of the Dungeon)

   It affects your resistance to hostile enchantments.
   It protects you from acid and corrosion.
 Y - a +0 helmet (worn)
Jewellery
 p - an uncursed amulet of resist mutation
 r - a cursed +3 ring of dexterity (right hand)
 C - an amulet of rage (around neck)
 G - a +1 ring of evasion
 O - an uncursed ring of invisibility
 P - an uncursed amulet of clarity
 Q - a ring of positive energy (left hand)
Magical devices
 c - a wand of enslavement (5)
 d - a wand of random effects (0)
 e - a wand of digging (16)
 f - a wand of heal wounds (4)
 h - a wand of flame (0)
 u - a wand of frost (14)
 y - a wand of magic darts (5)
 J - a wand of polymorph (7)
Scrolls
 m - 2 scrolls of recharging
 x - 2 scrolls of identify
 A - 4 scrolls of remove curse
 F - 2 scrolls of teleportation
 S - a scroll of amnesia
 V - 2 scrolls of magic mapping
 X - 2 scrolls of fog
 Z - 2 scrolls of enchant armour
Potions
 s - 5 potions of curing
 v - 4 potions of brilliance
 w - a potion of flight
 D - 2 potions of resistance
 H - 2 potions of ambrosia
 I - a potion of lignification
 L - a potion of restore abilities
 T - a potion of mutation {unknown}
Books
 t - a book of the Warp

   Spells                             Type                      Level
   a - Recall                         Summoning/Translocation      3
   b - Control Teleport               Charms/Translocation         4
   c - Force Lance                    Conjuration/Translocation    4
   d - Phase Shift                    Translocation                5
   e - Warp Weapon                    Charms/Translocation         5
   f - Gell's Gravitas                Hexes/Translocation          5
   g - Summon Forest                  Summoning/Translocation      5
 E - a book of Enchantments

   Spells                             Type                      Level
   a - Tukima's Dance                 Hexes                        3
   b - Cause Fear                     Hexes                        4
   c - Silence                        Hexes/Air                    5
   d - Deflect Missiles               Charms/Air                   6
   e - Haste                          Charms                       6
   f - Discord                        Hexes                        8
 N - the Guide on Ashen Translocation
   (You found it on level 7 of the Dungeon)

   Spells                             Type                      Level
   a - Sandblast                      Earth                        1
   b - Teleport Other                 Translocation                3
   c - Warp Weapon                    Charms/Translocation         5
   d - Gell's Gravitas                Hexes/Translocation          5
   e - Statue Form                    Transmutation/Earth          6
Miscellaneous
 U - a lamp of fire
Comestibles
 g - 10 bread rations
 k - 4 meat rations
 o - a beef jerky
 R - 5 fruits
 W - 4 royal jellies


   Skills:
 + Level 6.1 Fighting
   Level 0.8 Short Blades
 + Level 7.1 Axes
 + Level 5.9 Crossbows
 + Level 5.2 Armour
 + Level 11.6 Dodging
 + Level 6.1 Stealth
 + Level 1.0 Invocations
 + Level 8.9 Evocations


You had 10 spell levels left.
You didn't know any spells.

Dungeon Overview and Level Annotations

Branches:
Dungeon (11/15)            Temple (1/1) D:6            Lair (0/8) D:10
    Orc: D:9-12

Altars:
Ashenzari
Cheibriados
Dithmenos
Elyvilon
Fedhas
Gozag
Kikubaaqudgha
Makhleb
Nemelex Xobeh
Okawaru
Qazlal
Ru
Sif Muna
Trog
Vehumet
Xom
Yredelemnul
Zin
The Shining One

Annotations:
D:3 Grinder


Innate Abilities, Weirdness & Mutations

You are resistant to damage.
You can recharge devices by infusing magical energy.
You passively map the area around you.
You do not heal naturally.


Message History

The cyclops throws a large rock.
The large rock misses you.
You see here a large rock.
The helpless white ugly thing fails to defend itself.
You slash the white ugly thing!
The white ugly thing is lightly wounded.
The white ugly thing completely misses you.
The cyclops throws a large rock.
The large rock hits you!!
* * * LOW HITPOINT WARNING * * *
The white ugly thing misses you.
You see here a longbow.
The white ugly thing misses you.
All of the chunks of flesh in your inventory have rotted away.
There is a stone staircase leading down here.
You are feeling hungry.
You completely miss the white ugly thing.
The white ugly thing is lightly wounded.
The white ugly thing gores you!
* * * LOW HITPOINT WARNING * * *
The white ugly thing freezes you!!
You die...

#.# #. #.# #.#
#. #.#
#.###### #.
#.# #......#
#.######.#####
######.#
#.............
#.#
##.###.###....
#.# #.# #.#
##### #u# #.#
#.# # #@# #.#
#.# # #.#
#.#*#.#*
#.####.# ... *
#......#*.#. ,
, ######## .
.** * *# #


You could see a white ugly thing.

Vanquished Creatures
  Erica (D:10)
  Nergalle (D:10)
  A deep elf knight (Bailey)
  An unseen horror (D:9)
  The ghost of EmperorPingu0 the Shield-Bearer, an experienced DgFi (D:6)
  An oklob plant (D:10)
  3 deep elf priests (Bailey)
  A troll (D:10)
  2 two-headed ogres (D:9)
  6 deep elf magi (Bailey)
  2 orc warriors
  A wraith (D:10)
  3 hungry ghosts
  A deep elf fighter (Bailey)
  Edmund (D:7)
  Menkaure (D:7)
  Duvessa (D:5)
  2 black bears
  3 phantoms
  3 ice beasts
  4 ogres
  A crocodile (D:10)
  3 centaurs
  A big kobold (D:7)
  3 hounds
  2 giant frogs (D:9)
  A wyvern zombie (D:10)
  5 scorpions
  A spriggan skeleton (D:9)
  4 goliath beetles
  3 crimson imps
  2 giant frog zombies
  A giant frog skeleton (D:5)
  A jelly (D:9)
  2 orc priests
  2 centaur skeletons (D:9)
  An orc wizard (D:10)
  9 worker ants
  2 iguanas
  5 spectral orcs (D:10)
  A killer bee zombie (D:8)
  A mummy (D:6)
  A hound zombie (D:7)
  An ogre skeleton (D:9)
  7 adders
  A river rat (D:10)
  3 gnolls (D:4)
  A shadow imp (D:9)
  3 worms
  2 adder zombies
  4 giant geckos
  2 oozes
  17 orcs
  A ball python (D:3)
  14 bats
  2 giant cockroaches (D:2)
  16 hobgoblins
  23 jackals
  13 kobolds
  12 quokkas
  5 giant newts
  9 goblins
  17 rats
245 creatures vanquished.

Vanquished Creatures (collateral kills)
  An ogre (D:4)
  A centaur (D:5)
  Dowan (D:5)
  A hound (D:8)
  2 orc priests
  An orc (D:10)
  A jackal (D:5)
8 creatures vanquished.

Vanquished Creatures (others)
  A hippogriff (D:8)
  A hound (D:10)
2 creatures vanquished.

Grand Total: 255 creatures vanquished

Notes
Turn   | Place    | Note
--------------------------------------------------------------
     0 | D:1      | Siriah, the Deep Dwarf Artificer, began the quest for the Orb.
     0 | D:1      | Reached XP level 1. HP: 16/16 MP: 1/1
   147 | D:1      | Reached skill level 1 in Fighting
   267 | D:1      | Reached XP level 2. HP: 19/25 MP: 3/3
  1131 | D:2      | Reached XP level 3. HP: 17/31 MP: 5/5
  1574 | D:2      | Reached skill level 1 in Armour
  1633 | D:3      | Reached skill level 5 in Evocations
  1736 | D:3      | Reached XP level 4. HP: 2/38 MP: 7/7
  2176 | D:3      | Noticed Grinder
  2179 | D:3      | Paralysed by Grinder for 6 turns
  2213 | D:4      | Found a basalt altar of Yredelemnul.
  2244 | D:4      | Reached XP level 5. HP: 34/44 MP: 9/9
  2583 | D:4      | Noticed a phantom
  2624 | D:4      | Reached skill level 6 in Evocations
  2627 | D:4      | Reached XP level 6. HP: 17/51 MP: 10/12
  2641 | D:4      | Noticed an ogre
  2651 | D:4      | Killed an ogre
  2667 | D:4      | Reached skill level 5 in Dodging
  2681 | D:4      | Noticed a phantom
  2687 | D:5      | Entered Level 5 of the Dungeon
  2851 | D:5      | Noticed Dowan
  2853 | D:5      | Noticed Duvessa
  2884 | D:5      | Killed Dowan
  2884 | D:5      | Reached XP level 7. HP: 24/60 MP: 14/14
  2911 | D:5      | Killed Duvessa
  3586 | D:4      | Killed a phantom
  3586 | D:4      | Reached skill level 7 in Dodging
  3636 | D:4      | Reached XP level 8. HP: 45/69 MP: 16/16
  3831 | D:6      | Reached skill level 1 in Axes
  3926 | D:6      | Found a staircase to the Ecumenical Temple.
  3940 | Temple   | Entered the Ecumenical Temple
  3980 | Temple   | Became a worshipper of Makhleb the Destroyer
  4090 | D:6      | Noticed EmperorPingu0's ghost (experienced DgFi)
  4158 | D:6      | Killed EmperorPingu0's ghost
  4158 | D:6      | Reached skill level 8 in Dodging
  4510 | D:7      | Noticed Menkaure
  4513 | D:7      | Killed Menkaure
  4582 | D:7      | Reached skill level 9 in Dodging
  4639 | D:7      | Noticed Edmund
  4648 | D:7      | Killed Edmund
  4648 | D:7      | Gained mutation: You passively map the area around you. [level up]
  4648 | D:7      | Reached XP level 9. HP: 78/78 MP: 19/19
  4678 | D:7      | Acquired Makhleb's first power
  4863 | D:7      | Got a fine leather armour
  4874 | D:7      | Identified the +0 leather armour of Rotiyjoj {MR+ rCorr} (You found it on level 7 of the Dungeon)
  4919 | D:7      | Identified the Guide on Ashen Translocation
  5028 | D:7      | Reached skill level 1 in Crossbows
  5267 | D:8      | Found a shimmering altar of Xom.
  5267 | D:8      | Found a shimmering altar of Xom.
  5275 | D:8      | Found a shimmering altar of Xom.
  5277 | D:8      | Found a shimmering altar of Xom.
  5277 | D:8      | Found a shimmering altar of Xom.
  5377 | D:8      | Acquired Makhleb's second power
  6026 | D:9      | Reached skill level 5 in Armour
  6059 | D:9      | Reached skill level 10 in Dodging
  6311 | D:9      | Reached XP level 10. HP: 78/87 MP: 21/21
  6312 | D:9      | Found a runed door.
  6331 | D:9      | Killed an unseen horror
  6331 | D:9      | Reached skill level 5 in Fighting
  6408 | D:9      | Acquired Makhleb's third power
  6432 | D:9      | Reached skill level 5 in Axes
  6432 | D:9      | Reached skill level 5 in Crossbows
  6541 | D:10     | Entered Level 10 of the Dungeon
  6554 | D:10     | Noticed an oklob plant
  6554 | D:10     | a giant spore changed into an oklob plant
  6565 | D:10     | Killed an oklob plant
  6565 | D:10     | Reached skill level 5 in Stealth
  6599 | D:10     | Noticed Erica
  6676 | D:10     | Found a flagged portal.
  6683 | Bailey   | Entered a bailey
  6788 | Bailey   | Reached skill level 11 in Dodging
  6907 | Bailey   | Noticed a deep elf knight
  6921 | Bailey   | Killed a deep elf knight
  7005 | D:10     | Found a staircase to the Lair.
  7059 | D:10     | Reached XP level 11. HP: 49/97 MP: 23/23
  7183 | D:10     | Acquired Makhleb's fourth power
  7235 | D:10     | Noticed Nergalle
  7297 | D:10     | Killed Nergalle
  7406 | D:10     | Killed Erica
  7406 | D:10     | Reached skill level 1 in Invocations
  7909 | D:11     | Mangled by a white ugly thing

Action                   |  1- 3 |  4- 6 |  7- 9 | 10-12 || total
-------------------------+-------+-------+-------+-------++-------
Melee: Short sword       |   121 |     5 |       |       ||   126
       Hunting sling     |     7 |       |       |       ||     7
       Mace              |       |   134 |     8 |       ||   142
       Unarmed           |       |     3 |       |       ||     3
       Hand axe          |       |       |   249 |   203 ||   452
       Battleaxe         |       |       |       |    32 ||    32
 Fire: Hunting sling     |    63 |    31 |       |       ||    94
       Shortbow          |       |       |    24 |       ||    24
       Arbalest          |       |       |    50 |    35 ||    85
       Blowgun           |       |       |    20 |       ||    20
Throw: Stone             |     6 |       |       |       ||     6
       Javelin           |       |     5 |    10 |     4 ||    19
Invok: Minor Destruction |       |       |     1 |     3 ||     4
       Lesser Servant of |       |       |       |     1 ||     1
 Abil: Evoke Berserk Rag |       |       |     3 |     2 ||     5
Evoke: Wand              |    14 |    25 |    17 |    19 ||    75
  Use: Potion            |     1 |     4 |     1 |     2 ||     8
       Scroll            |       |     9 |     3 |     9 ||    21
 Stab: Sleeping          |     1 |     2 |     4 |     5 ||    12
       Distracted        |       |       |       |     1 ||     1
  Eat: Chunk             |     3 |     4 |    14 |     7 ||    28
       Beef jerky        |       |       |     1 |       ||     1
